Map: 瑟拉斯废墟

Players

iGiA (iAsonu)

  • Race: Protoss Protoss
  • League: Master

Cloudy

  • Race: Protoss Protoss
  • League: Master

三族统领随机娜 - Winner!

  • Race: Terran Terran
  • League: Master

iGXY (XY) - Winner!

  • Race: Terran Terran
  • League: Master

Event: GPL 2015 - Grand Finals

VOD

Have the link to the VOD?

Description

Time

  • Played on: Jan. 17, 2016, 10:03 a.m.
  • Length: 14:19

All games in this series

Show
View Real Time Build Order
Export as new Build Order

iGiA Protoss 

Build Orders: 1 Gate Expand 

Get SALT Encoding   

  12  0:01  Probe (Chrono Boost)  
  13  0:14  Probe (Chrono Boost)  
  14  0:22  Pylon  
  14  0:25  Probe (Chrono Boost)  
  15  0:40  Probe (Chrono Boost)  
  16  0:43  Gateway  
  16  0:45  Assimilator  
  16  0:50  Probe (Chrono Boost)  
  17  1:01  Probe (Chrono Boost)  
  18  1:11  Probe (Chrono Boost)  
  19  1:25  Nexus  
  19  1:33  Cybernetics Core  
  19  1:38  Probe (Chrono Boost)  
  20  1:45  Assimilator  
  20  1:48  Probe (Chrono Boost)  
  21  1:55  Pylon  
  21  1:59  Probe (Chrono Boost)  
  22  2:09  Warp Gate  
  22  2:10  Adept  
  22  2:12  Probe (Chrono Boost)  
  25  2:25  Twilight Council  
  25  2:27  Probe (Chrono Boost)  
  26  2:36  Adept  
  26  2:37  Probe (Chrono Boost)  
  26  2:39  Probe (Chrono Boost)  
  30  2:48  Probe (Chrono Boost)  
  30  2:51  Probe (Chrono Boost)  
  32  2:53  Resonating Glaives  
  32  2:57  Robotics Facility  
  32  3:00  Probe (Chrono Boost)  
  33  3:12  Probe (Chrono Boost)  
  35  3:13  Probe (Chrono Boost)  
  35  3:16  Adept  
  37  3:23  Probe (Chrono Boost)  
  37  3:24  Probe (Chrono Boost)  
  39  3:28  Pylon  
  40  3:35  Probe (Chrono Boost)  
  40  3:36  Probe (Chrono Boost)  
  40  3:39  Warp Prism  
  45  3:48  Probe (Chrono Boost)  
  45  3:50  Gateway  
  45  3:53  Gateway  
  44  3:59  Gateway  
  45  4:03  Probe (Chrono Boost)  
  45  4:05  Probe (Chrono Boost)  
  46  4:10  Pylon  
  46  4:12  Pylon  
  46  4:17  Adept  
  46  4:23  Probe (Chrono Boost)  
  51  4:24  Mothership Core (Chrono Boost)  
  51  4:36  Probe (Chrono Boost)  
  52  4:39  Pylon  
  52  4:41  Observer  
  53  4:54  Probe (Chrono Boost)  
  47  5:00  Stalker  
  47  5:04  Adept  
  47  5:05  Adept  
  47  5:06  Probe (Chrono Boost)  
  54  5:09  Probe (Chrono Boost)  
  47  5:18  Probe (Chrono Boost)  
  47  5:21  Probe (Chrono Boost)  
  45  5:28  Warp Prism, Sentry  
  43  5:31  Probe (Chrono Boost)  
  43  5:32  Nexus  
  43  5:33  Probe (Chrono Boost)  
  49  5:35  Pylon  
  49  5:39  Blink  
  49  5:41  Probe (Chrono Boost)  
  50  5:44  Probe (Chrono Boost)  
  51  5:51  Assimilator  
  51  5:53  Probe (Chrono Boost)  
  51  5:55  Assimilator  
  52  5:59  Probe (Chrono Boost), Sentry x3  
  60  6:05  Probe (Chrono Boost)  
  60  6:07  Immortal  
  64  6:20  Stalker  
  64  6:21  Stalker  
  64  6:22  Stalker  
  70  6:31  Probe (Chrono Boost), Stalker  
  73  6:35  Probe (Chrono Boost)  
  73  6:43  Probe (Chrono Boost)  
  73  6:44  Stalker  
  73  6:45  Adept, Stalker  
  81  6:47  Probe (Chrono Boost)  
  81  6:52  Pylon  
  82  6:55  Probe (Chrono Boost), Immortal  
  82  6:56  Probe (Chrono Boost)  
  82  6:58  Adept  
  89  7:04  Probe (Chrono Boost)  
  91  7:08  Probe (Chrono Boost)  
  91  7:09  Probe (Chrono Boost), Pylon  
  93  7:17  Probe (Chrono Boost)  
  93  7:20  Probe (Chrono Boost)  
  93  7:22  Pylon  
  94  7:24  Probe (Chrono Boost), Pylon  
  94  7:29  Probe (Chrono Boost), Gateway  
  96  7:30  Pylon  
  96  7:34  Probe (Chrono Boost)  
  95  7:37  Adept x3  
  95  7:40  Adept  
  103  7:45  Gateway  
  103  7:48  Gateway  
  103  7:52  Observer  
  103  7:54  Probe (Chrono Boost)  
  103  7:55  Probe x2 (Chrono Boost)  
  107  8:02  Adept x3  
  107  8:04  Adept  
  115  8:07  Probe x2 (Chrono Boost)  
  115  8:11  Probe (Chrono Boost)  
  115  8:23  Pylon  
  115  8:28  Pylon  
  115  8:32  Pylon, Forge  
  115  8:34  Forge  
  115  8:35  Stalker  
  119  8:43  Probe x2 (Chrono Boost)  
  118  8:53  Adept x4  
  124  8:59  Adept x2  
  122  9:02  Protoss Ground Armor Level 1  
  122  9:04  Probe (Chrono Boost)  
  122  9:05  Warp Prism, Probe x2 (Chrono Boost)  
  120  9:16  Probe (Chrono Boost)  
  123  9:17  Probe (Chrono Boost)  
  123  9:18  Probe (Chrono Boost)  
  123  9:28  Probe (Chrono Boost)  
  123  9:30  Probe x2 (Chrono Boost)  
  126  9:32  Stalker x4  
  126  9:33  Sentry  
  126  9:34  Pylon  
  134  9:38  Adept x2  
  134  9:40  Probe (Chrono Boost)  
  139  9:51  Forge  
  139  9:55  Probe (Chrono Boost)  
  139  9:56  Probe (Chrono Boost), Assimilator  
  139  9:58  Assimilator  
  139  9:59  Probe (Chrono Boost)  
  140  10:00  Templar Archives  
  140  10:06  Dark Shrine  
  140  10:09  Probe (Chrono Boost)  
  140  10:11  Stalker x4  
  149  10:20  Probe (Chrono Boost)  
  149  10:23  Protoss Ground Weapons Level 1  
  149  10:27  Pylon  
  149  10:29  Pylon  
  149  10:30  Pylon  
  143  10:37  Probe (Chrono Boost)  
  143  10:39  Probe x2 (Chrono Boost)  
  140  10:47  Adept x6  
  140  10:48  Probe (Chrono Boost)  
  151  10:51  Probe (Chrono Boost)  
  151  10:56  Adept  
  148  11:10  Nexus, Protoss Ground Armor Level 2  
  134  11:19  Adept  
  134  11:20  Adept x4  
  134  11:23  Psionic Storm  
  130  11:32  High Templar x4  
  139  11:48  Probe (Chrono Boost)  
  139  11:49  Stalker  
  139  11:51  Pylon  
  139  11:53  Stalker x2  
  142  12:02  Warp Prism  
  142  12:04  Probe (Chrono Boost)  
  144  12:09  Pylon  
  144  12:10  Pylon  
  144  12:12  Pylon  
  145  12:16  Probe (Chrono Boost)  
  145  12:17  Nexus  
  145  12:19  Probe (Chrono Boost)  
  145  12:29  Probe (Chrono Boost), Stalker x3  
  144  12:31  Probe (Chrono Boost)  
  145  12:38  Observer  
  140  12:59  Archon  
  121  13:13  Archon  
  120  13:26  High Templar x4  
  111  13:35  Probe (Chrono Boost), Adept x3  
  91  13:42  Archon x2  
  85  13:48  Observer  
  86  13:59  High Templar  
  86  14:00  High Templar  
  86  14:01  Zealot  
  92  14:02  Zealot  
  92  14:03  Adept, Zealot x2  
  92  14:05  Nexus  
Show
View Real Time Build Order
Export as new Build Order

Cloudy Protoss 

Build Orders:  

Get SALT Encoding   

  12  0:00  SCV  
  13  0:12  SCV  
  14  0:17  Supply Depot  
  14  0:25  SCV  
  15  0:39  SCV  
  15  0:40  Barracks  
  16  0:44  Refinery  
  16  0:51  SCV  
  17  1:03  SCV  
  18  1:15  SCV  
  19  1:27  Orbital Command  
  19  1:28  Barracks Reactor  
  19  1:42  Command Center  
  19  1:53  SCV  
  20  1:54  Supply Depot  
  20  2:04  Factory  
  20  2:06  SCV  
  21  2:08  Marine  
  21  2:11  Marine  
  23  2:18  SCV  
  24  2:26  Marine  
  24  2:29  Marine  
  26  2:30  SCV  
  27  2:42  SCV  
  27  2:43  Refinery  
  28  2:47  Marine x2  
  28  2:48  Starport  
  30  2:53  Orbital Command  
  30  2:56  SCV  
  31  2:58  Widow Mine  
  31  3:05  Marine x2  
  35  3:08  SCV  
  35  3:19  SCV  
  36  3:20  SCV  
  36  3:22  Marine  
  36  3:23  Marine  
  39  3:27  Medivac  
  39  3:30  Supply Depot, Widow Mine  
  43  3:35  SCV  
  43  3:36  SCV  
  45  3:42  Marine  
  46  3:51  Marine  
  46  3:52  SCV x2  
  49  3:59  Factory Tech Lab, Marine  
  50  4:04  Barracks, SCV x2  
  50  4:06  Barracks  
  50  4:09  Marine  
  53  4:10  Supply Depot  
  53  4:16  SCV  
  54  4:21  Refinery  
  54  4:31  Marine x2  
  54  4:32  Supply Depot, Cyclone, SCV x2  
  54  4:37  Starport Reactor  
  61  4:44  SCV  
  62  4:53  Supply Depot, Marine x2, Bunker  
  62  4:54  SCV  
  62  4:56  SCV  
  62  4:58  Barracks Tech Lab  
  62  4:59  Supply Depot, Barracks Tech Lab  
  66  5:04  Siege Tank  
  66  5:06  SCV  
  68  5:08  SCV  
  68  5:12  Marine x2  
  62  5:18  SCV  
  62  5:20  SCV  
  57  5:21  Medivac  
  57  5:22  Medivac  
  57  5:24  Stimpack, Marine  
  61  5:29  Combat Shields  
  61  5:30  SCV  
  61  5:32  Engineering Bay, SCV  
  61  5:34  Refinery  
  63  5:38  Marine x2  
  65  5:49  SCV  
  66  5:55  SCV  
  66  5:57  Command Center  
  67  5:59  Marine x2  
  67  6:00  Marine  
  67  6:01  SCV  
  71  6:10  Barracks  
  71  6:12  SCV  
  71  6:13  Barracks, SCV  
  71  6:16  Starport Reactor  
  73  6:21  Marauder  
  73  6:23  Marauder, Marine  
  79  6:25  Factory Reactor  
  79  6:29  SCV x2  
  80  6:33  Terran Infantry Weapons Level 1  
  80  6:41  SCV  
  80  6:43  Marauder, Marine x2  
  85  6:49  Supply Depot, SCV  
  85  6:52  Supply Depot  
  86  7:03  Supply Depot  
  86  7:08  Marauder x3, Marine x2, SCV x2, Orbital Command  
  96  7:09  Widow Mine x2  
  96  7:15  Marine x2  
  100  7:20  SCV  
  103  7:23  Medivac x2  
  103  7:26  Marine  
  112  7:30  Marauder x2, SCV  
  112  7:34  Armory, Engineering Bay  
  112  7:35  SCV  
  114  7:40  Marauder, Marine x2, Orbital Command  
  114  7:43  Widow Mine x2  
  123  7:47  SCV  
  123  7:49  SCV  
  124  7:54  Missile Turret  
  122  8:00  Medivac  
  124  8:06  Terran Infantry Armor Level 1, Marine  
  124  8:10  Supply Depot, Marine  
  124  8:11  Marauder  
  124  8:12  SCV  
  129  8:15  Supply Depot  
  129  8:18  Marauder, Marine x2  
  131  8:22  SCV  
  131  8:23  SCV  
  133  8:32  Supply Depot, Marauder, Marine x2  
  133  8:33  Terran Infantry Weapons Level 2  
  135  8:37  Supply Depot  
  135  8:39  Marauder  
  135  8:40  Marauder, Marine x2  
  141  8:41  Widow Mine x2  
  145  8:55  Marauder, Marine  
  141  8:57  Medivac  
  141  8:58  Medivac  
  141  8:59  Marine x2  
  141  9:00  Marauder  
  149  9:08  Marauder, Marine  
  145  9:11  Widow Mine  
  145  9:13  Supply Depot, Command Center, Marine  
  145  9:17  Marauder  
  146  9:22  Marauder  
  148  9:29  Marine x2  
  148  9:30  Marauder, Barracks x2  
  152  9:31  Supply Depot  
  152  9:32  Ghost Academy  
  152  9:35  Marine  
  152  9:38  Marauder  
  152  9:46  Widow Mine x2, Marauder, Marine x2  
  152  9:51  Marauder, Medivac  
  152  9:52  Medivac, Marine  
  160  9:53  Marine  
  160  9:59  Marauder  
  163  10:04  Marine x2  
  164  10:07  Ghost  
  164  10:09  Terran Infantry Armor Level 2  
  166  10:16  Marine x2  
  166  10:17  Marauder  
  170  10:21  Medivac x2  
  170  10:23  Refinery  
  170  10:24  Refinery  
  173  10:30  Ghost  
  173  10:31  Barracks Tech Lab  
  173  10:32  Barracks Reactor  
  173  10:35  Concussive Shells  
  170  10:38  Marine  
  170  10:39  Marauder x2, Marine x3  
  170  10:41  Widow Mine x2  
  167  10:44  Missile Turret  
  166  10:56  Marauder, Marine x2  
  167  10:58  Medivac x2  
  167  10:59  Marauder  
  167  11:01  Marauder, Marine  
  167  11:03  Marine  
  171  11:07  Marine x2  
  171  11:08  Marauder  
  171  11:09  Widow Mine  
  170  11:12  Planetary Fortress  
  170  11:18  Widow Mine, SCV x2  
  160  11:29  Marine x3  
  160  11:30  Sensor Tower, Marauder x2  
  167  11:35  Marauder x2, Marine x3  
  167  11:38  Widow Mine  
  176  11:46  Command Center  
  176  11:47  Widow Mine  
  176  11:50  Ghost  
  176  11:52  Marine x2  
  176  11:53  Marine x3  
  184  12:02  Missile Turret  
  184  12:05  Missile Turret  
  184  12:07  Missile Turret  
  183  12:09  Missile Turret  
  183  12:10  Sensor Tower, Ghost  
  183  12:12  Ghost  
  183  12:13  Marine  
  186  12:16  Medivac  
  188  12:29  Marauder x2  
  183  12:30  Marine  
  183  12:31  Marine  
  183  12:34  Marine  
  186  12:40  Marauder  
  186  12:41  Marauder, Marine x2  
  191  12:45  Refinery  
  191  12:46  Refinery  
  191  12:50  Marauder x2  
  195  12:58  Fusion Core, Starport  
  195  13:02  Ghost x2  
  171  13:13  Ghost  
  171  13:14  Marine x3  
  171  13:15  Marine x4  
  171  13:16  Orbital Command  
  174  13:33  Marauder x2, Command Center  
  170  13:40  Marauder  
  163  13:41  Marine x2  
  163  13:43  Marauder  
  163  13:45  Marine  
  163  13:49  Marine  
  163  13:55  Marauder x2  
  170  13:57  Starport Tech Lab  
Show
View Real Time Build Order
Export as new Build Order

三族统领随机娜 Terran - Winner!

Build Orders:  

Get SALT Encoding   

Show
View Real Time Build Order
Export as new Build Order

iGXY Terran - Winner!

Build Orders:  

Get SALT Encoding   

Tags
 
Add a new tag
Caveats
  • Supply blocks, unpowered buildings, or Contaminate may cause inaccurate times.
  • Supply counts are checked every 10 seconds.